 Dungeon Crawl Stone Soup version 0.19-a0-1107-gc676ff4 (webtiles) character file.

487 OTRawrior the Digger (level 7, 0/36 HPs)
             Began as a Gargoyle Earth Elementalist on Aug 9, 2016.
             Was an Initiate of Vehumet.
             Shot with an arrow by a centaur (14 damage)
             ... on level 5 of the Dungeon.
             The game lasted 00:15:24 (4308 turns).

OTRawrior the Digger (Gargoyle Earth Elementalist)  Turns: 4308, Time: 00:15:25

Health: 0/36       AC:  6    Str: 11    XL:     7   Next: 13%
Magic:  15/15      EV: 17    Int: 18    God:    Vehumet [......]
Gold:   142        SH:  0    Dex: 15    Spells: 2 memorised, 12 levels left

rFire  . . .     SeeInvis .     w - +0 mace
rCold  . . .     Gourm    .     c - +0 robe
rNeg   + . .     Faith    .     (no shield)
rPois  ∞         Spirit   .     (no helmet)
rElec  +         Dismiss  .     (no cloak)
rCorr  .         Reflect  .     (no gloves)
SustAt .         Harm     .     (no boots)
MR     .....                    (no amulet)
Stlth  +++.......               (no ring)
                                (no ring)

@: agile
A: negative energy resistance 1, electricity resistance, unbreathing,
petrification resistance, rot immunity, AC +4
a: Renounce Religion


You were on level 5 of the Dungeon.
You worshipped Vehumet.
Vehumet was noncommittal.
You were not hungry.

You visited 2 branches of the dungeon, and saw 6 of its levels.

You collected 142 gold pieces.

Inventory:

Hand Weapons
 n - a +0 vampiric short sword
 w - a +0 mace (weapon)
Missiles
 b - 115 stones (quivered)
Armour
 c - a +0 robe (worn)
Jewellery
 m - an uncursed ring of magical power {unknown}
Wands
 y - a wand of teleportation (2/9)
Scrolls
 i - a scroll of immolation {unknown}
 j - 4 scrolls of identify {unknown}
 o - a scroll of teleportation {unknown}
 p - 2 scrolls of recharging {unknown}
 q - a scroll of noise {unknown}
 s - a scroll of remove curse {unknown}
 x - a scroll of amnesia {unknown}
Potions
 f - a potion of degeneration {unknown}
 g - a potion of berserk rage {unknown}
 h - 3 potions of agility
 k - a potion of heal wounds {unknown}
 u - a potion of curing
 v - a potion of cancellation {unknown}
Books
 e - a book of Geomancy

   Spells                             Type                      Level
   a - Sandblast                      Earth                        1
   b - Passwall                       Transmutation/Earth          2
   c - Stone Arrow                    Conjuration/Earth            3
   d - Petrify                        Transmutation/Earth          4
   e - Lee's Rapid Deconstruction     Earth                        5
Comestibles
 a - 2 meat rations
 d - 4 bread rations
 l - 2 beef jerkies
 r - a slice of pizza
 t - a chunk of flesh


   Skills:
 - Level 1.5 Dodging
 - Level 2.1 Stealth
 * Level 5.3 Spellcasting
 + Level 3.1 Conjurations
   Level 0.7 Transmutations
 + Level 5.5 Earth Magic


You had 12 spell levels left.
You knew the following spells:

 Your Spells              Type           Power        Failure   Level  Hunger
a - Sandblast             Erth           ###...       1%          1    None
b - Stone Arrow           Conj/Erth      ###...       10%         3    ##.....


Dungeon Overview and Level Annotations

Branches:
Dungeon (6/15)             Temple (1/1) D:6

Altars:
Ashenzari
Cheibriados
Fedhas
Gozag
Kikubaaqudgha
Nemelex Xobeh
Okawaru
Pakellas
Qazlal
Vehumet
Xom
Yredelemnul


Innate Abilities, Weirdness & Mutations

You are resistant to torment.
Your stone body is resilient. (AC +4)
You are immune to poison.
You resist negative energy. (rN+)
You are resistant to electric shocks. (rElec)
You can survive without breathing.
You are immune to petrification.
You are immune to rotting.


Message History

Vehumet accepts your kill.
You see here an adder corpse.
You butcher the adder corpse.
t - a chunk of flesh A centaur comes into view.
A worker ant comes into view.
The centaur shouts!
A gnoll comes into view. It is wielding a spear.
The centaur wields a shortbow.
The centaur shoots an arrow.
The arrow hits you!
You see here an arrow.
The centaur shoots an arrow.
The arrow barely misses you.
The centaur shoots an arrow.
The arrow hits you!
You see here 2 arrows.
It was a potion of agility.
You feel agile all of a sudden.
The centaur shoots an arrow.
The arrow hits you.
* * * LOW HITPOINT WARNING * * *
It was a potion of curing.
You feel better.
The centaur shoots an arrow.
The arrow hits you!
You die...

......# ......# .
.$...### ... .c.....
...a###.#c.
g........# #...#
...###########..[#.#
#..........@((..#.#
#.###########.###.#
#..........#
#..........##
#.#.>.........#
#......>......#
#..##.....#...#
#..#......#...# ...
#......#...#


You could see a centaur.

Vanquished Creatures
  Menkaure (D:6)
  2 scorpions (D:5)
  A crimson imp (D:6)
  A centaur skeleton (D:5)
  An iguana (D:6)
  A worker ant (D:6)
  2 gnolls (D:3)
  4 adders
  A shadow imp (D:6)
  An ooze (D:1)
  2 worms (D:2)
  7 dart slugs
  6 giant geckos
  4 orcs (D:6)
  5 giant cockroaches
  4 hobgoblins (D:1)
  3 jackals (D:3)
  2 kobolds (D:1)
  A quokka (D:2)
  2 ball pythons (D:2)
  6 bats
  2 giant newts
  7 goblins
  6 rats
72 creatures vanquished.

Notes
Turn   | Place    | Note
-------+----------+-------------------------------------------
     0 | D:1      | OTRawrior the Gargoyle Earth Elementalist began the quest for the Orb.
     0 | D:1      | Reached XP level 1. HP: 10/10 MP: 3/3
   507 | D:1      | Reached XP level 2. HP: 12/15 MP: 0/5
  1067 | D:1      | Reached XP level 3. HP: 19/19 MP: 1/7
  1129 | D:1      | Learned a level 3 spell: Stone Arrow
  1902 | D:2      | Found a stormy altar of Qazlal.
  2378 | D:2      | Reached XP level 4. HP: 24/24 MP: 7/9
  2834 | D:2      | Reached skill level 1 in Conjurations
  2991 | D:3      | Found an iron altar of Okawaru.
  3488 | D:3      | Reached XP level 5. HP: 28/28 MP: 6/10
  3628 | D:3      | You fall through a shaft for 3 floors!
  3638 | D:6      | Noticed Menkaure
  3653 | D:6      | Found a staircase to the Ecumenical Temple.
  3661 | Temple   | Entered the Ecumenical Temple
  3666 | Temple   | Became a worshipper of Vehumet
  3687 | D:6      | Killed Menkaure
  3687 | D:6      | Reached XP level 6. HP: 30/32 MP: 0/13
  3810 | D:6      | Reached skill level 5 in Earth Magic
  3839 | D:6      | Found a blossoming altar of Fedhas.
  3860 | D:6      | Reached skill level 5 in Spellcasting
  4022 | D:5      | Entered Level 5 of the Dungeon
  4151 | D:5      | Found a sparkling altar of Nemelex Xobeh.
  4163 | D:5      | Reached XP level 7. HP: 22/36 MP: 0/15
  4308 | D:5      | Shot with an arrow by a centaur

Vault maps used:
D:1:      lemuel_arrival_rhombus
D:2:      lemuel_round_altar
D:3:      okawaru_ov_weapons_minmay
D:5:      corexii_shantytown, bloody_trog, nemelex_xobeh_ov_fountains_minmay,
          zin_angel, serial_shops, nicolae_shop_statue_plus, first_bread
D:6:      kennysheep_orc_sif_temple, old_standard_altar, johnstein_pakellas_dig,
          uniq_menkaure
Temple:   cyrus_circular_temple

Skill      XL: |  1  2  3  4  5  6 |
---------------+-------------------+-----
Earth Magic    | 4 5 |  5.5
Spellcasting   | 3 4 5 |  5.3
Conjurations   | 1 2 3 |  3.1
Dodging        | |  1.5
Stealth        | |  2.1
Transmutations | |  0.7

Action                   |  1- 3 |  4- 6 |  7- 9 || total
-------------------------+-------+-------+-------++-------
Melee: Short sword       |    10 |       |       ||    10
       Mace              |       |     6 |       ||     6
       Whip              |       |     5 |       ||     5
 Cast: Sandblast         |    77 |    83 |     2 ||   162
       Stone Arrow       |       |     9 |       ||     9
  Use: Potion            |       |       |     2 ||     2
  Eat: Chunk             |     5 |     6 |       ||    11
Armor: Robe              |     9 |    26 |       ||    35
Dodge: Dodged            |    20 |    35 |     1 ||    56
